Map: Aura Śmierci ER

Players

SI 1 (Bardzo łatwa)

  • Race: Protoss Protoss
  • Spawn Location: 5:00

Krystianer - Winner!

  • Race: Protoss Protoss
  • League: Master
  • Spawn Location: 11:00

VOD

Have the link to the VOD?

Description

Time

  • Played on: Oct. 7, 2020, 3:06 p.m.
  • Length: 7:26
Show
View Real Time Build Order
Export as new Build Order

SI 1 (Bardzo łatwa) Protoss 

Build Orders: 1 Gate Expand, Nexus First 

Get SALT Encoding   

  12  0:00  Probe  
  13  0:13  Probe  
  14  0:20  Pylon  
  14  0:43  Gateway  
  14  1:00  Nexus  
  14  1:20  Pylon  
  14  1:21  Zealot  
  14  1:23  Assimilator  
  16  1:36  Cybernetics Core  
  16  1:37  Probe  
  17  1:50  Probe  
  18  1:59  Assimilator  
  18  2:00  Probe  
  18  2:08  Probe  
  19  2:14  Probe  
  19  2:15  Stalker  
  22  2:16  Warp Gate  
  22  2:22  Probe  
  23  2:27  Probe  
  25  2:38  Probe  
  26  2:53  Probe  
  26  2:56  Pylon  
  27  3:01  Probe  
  28  3:06  Assimilator  
  28  3:08  Probe  
  29  3:13  Robotics Facility  
  29  3:15  Probe  
  29  3:19  Probe  
  31  3:29  Probe  
  31  3:31  Zealot  
  31  3:32  Probe  
  35  3:43  Probe  
  36  3:51  Probe  
  37  3:58  Probe  
  37  4:01  Observer  
  39  4:05  Probe  
  39  4:09  Probe  
  40  4:16  Assimilator, Probe  
  41  4:23  Observer, Probe  
  43  4:30  Probe  
  44  4:36  Pylon  
  45  4:41  Probe  
  46  4:48  Sentry, Probe  
  49  4:55  Probe  
  50  6:25  Stalker  
  52  6:28  Pylon  
  52  6:29  Probe  
  48  6:33  Probe  
  48  6:34  Pylon  
  47  6:41  Probe  
  38  6:47  Probe  
  34  6:55  Probe  
  34  6:57  Pylon  
  25  7:03  Probe  
Show
View Real Time Build Order
Export as new Build Order

Krystianer Protoss - Winner!

Build Orders:  

Get SALT Encoding   

  12  0:00  Probe  
  13  0:12  Probe  
  14  0:16  Pylon  
  14  0:24  Probe (Chrono Boost)  
  16  0:36  Gateway, Probe (Chrono Boost)  
  16  0:43  Probe (Chrono Boost)  
  16  0:45  Assimilator  
  17  0:50  Probe  
  17  0:54  Assimilator  
  18  1:03  Probe (Chrono Boost)  
  19  1:07  Gateway  
  20  1:12  Probe (Chrono Boost)  
  20  1:17  Probe (Chrono Boost)  
  20  1:24  Cybernetics Core  
  21  1:29  Probe  
  21  1:32  Pylon  
  22  1:41  Probe  
  23  1:53  Probe  
  24  2:00  Stalker  
  24  2:01  Sentry  
  28  2:03  Warp Gate  
  28  2:12  Pylon  
  28  2:26  Nexus  
  28  2:28  Unknown x3  
  28  2:34  Stalker  
  30  2:41  Stalker  
  32  2:48  Shield Battery  
  32  2:53  Probe (Chrono Boost)  
  33  3:02  Probe (Chrono Boost)  
  34  3:07  Probe (Chrono Boost)  
  34  3:08  Sentry  
  34  3:12  Sentry  
  39  3:15  Pylon  
  39  3:25  Shield Battery  
  39  3:33  Probe (Chrono Boost)  
  40  3:38  Probe (Chrono Boost)  
  41  3:44  Twilight Council  
  41  3:45  Forge, Probe (Chrono Boost)  
  41  3:47  Probe (Chrono Boost)  
  43  3:50  Probe (Chrono Boost)  
  43  3:53  Probe  
  45  3:59  Probe  
  46  4:06  Probe (Chrono Boost)  
  47  4:14  Protoss Ground Weapons Level 1 (Chrono Boost)  
  47  4:16  Probe (Chrono Boost)  
  49  4:17  Blink (Chrono Boost)  
  49  4:18  Probe (Chrono Boost)  
  50  4:24  Assimilator  
  50  4:25  Probe (Chrono Boost)  
  50  4:26  Probe (Chrono Boost)  
  50  4:31  Robotics Facility  
  51  4:32  Probe  
  51  4:36  Probe  
  53  4:40  Gateway  
  53  4:42  Gateway  
  53  4:44  Probe  
  54  4:53  Gateway  
  54  4:54  Gateway  
  54  5:02  Gateway  
  54  5:09  Pylon  
  54  5:11  Stalker x2  
  58  5:15  Warp Prism (Chrono Boost)  
  60  5:27  Pylon  
  60  5:33  Pylon  
  60  5:36  Stalker x2  
  60  5:37  Stalker  
  60  5:42  Stalker  
  68  5:44  Observer  
  69  6:06  Stalker x5  
  69  6:07  Stalker  
  69  6:08  Stalker  
  83  6:12  Pylon  
  83  6:14  Observer  
  84  6:32  Zealot x3, Stalker x2  
  90  6:37  Pylon  
  90  6:39  Pylon  
  94  6:57  Stalker x5  
  104  7:17  Stalker  
  104  7:18  Stalker  
  104  7:20  Stalker  
  110  7:24  Pylon  
  110  7:26  Pylon  
Tags
 
Add a new tag
Caveats
  • Supply blocks, unpowered buildings, or Contaminate may cause inaccurate times.
  • Supply counts are checked every 10 seconds.